 Dungeon Crawl Stone Soup version 0.19-a0-1861-g35def1e (webtiles) character file.

295 Amnesiac the Ducker (level 6, -3/34 HPs)
             Began as a Deep Elf Assassin on Oct 12, 2016.
             Killed from afar by Dowan (12 damage)
             ... with a stone arrow
             ... on level 5 of the Dungeon.
             The game lasted 00:04:04 (1855 turns).

Amnesiac the Ducker (Deep Elf Assassin)             Turns: 1855, Time: 00:04:04

Health: -3/34      AC:  4    Str:  8    XL:     6   Next: 11%
Magic:  8/8        EV: 17    Int: 16    God:
Gold:   86         SH:  0    Dex: 18    Spells: 0 memorised, 5 levels left

rFire  . . .     SeeInvis .     p - +1 short sword (drain)
rCold  . . .     Gourm    .     c - +0 robe
rNeg   . . .     Faith    .     (no shield)
rPois  .         Spirit   .     (no helmet)
rElec  .         Dismiss  .     d - +0 cloak
rCorr  .         Reflect  .     (no gloves)
MR     .....     Harm     .     j - +0 pair of boots
Stlth  +++.......               (no amulet)
                                (no ring)
                                (no ring)

@: no status effects
A: no striking features
a: no special abilities


You were on level 5 of the Dungeon.
You were not hungry.

You visited 2 branches of the dungeon, and saw 6 of its levels.

You collected 86 gold pieces.

Inventory:

Hand Weapons
 a - a +2 dagger
 b - a +0 blowgun
 p - a +1 short sword of draining (weapon)
Missiles
 e - 6 poisoned needles
 f - 2 curare-tipped needles
Armour
 c - a +0 robe (worn)
 d - a +0 cloak (worn)
 j - a +0 pair of boots (worn)
Scrolls
 h - a scroll of amnesia {unknown}
 k - a scroll of fear {unknown}
 m - a scroll of enchant armour {unknown}
 o - a scroll of remove curse {unknown}
Potions
 l - a potion of resistance
 n - a potion of curing {unknown}
Comestibles
 g - 3 bread rations
 i - 3 fruits


   Skills:
 - Level 1.5 Fighting
 - Level 2.5 Short Blades
 - Level 2.4 Throwing
 + Level 6.5 Dodging
 - Level 5.4 Stealth


You had 5 spell levels left.
You didn't know any spells.

Dungeon Overview and Level Annotations

Branches:
Dungeon (5/15)             Temple (1/1) D:5

Altars:
Ashenzari
Cheibriados
Elyvilon
Gozag
Hepliaklqana
Nemelex Xobeh
Okawaru
Trog
Yredelemnul
The Shining One

Annotations:
D:4 exclusions: orc wizard and skeleton
D:5 Dowan


Message History

Duvessa hits you but does no damage.
You barely miss Duvessa.
Duvessa is almost dead.
Duvessa hits you but does no damage.
Dowan shouts!
You hit Duvessa but do no damage.
Duvessa is almost dead.
Duvessa misses you.
You hit Duvessa.
You kill Duvessa!
Dowan's eyes darken. "You have made a black mistake."
Dowan seems to find hidden reserves of power!
Your Dodging skill increases to level 6!
You have reached level 6!
Your experience leads to an increase in your attributes!
Increase (S)trength, (I)ntelligence, or (D)exterity?
You feel agile. Dowan gestures at you while chanting. The stone arrow hits you!
You die...

#. #e##.....# #.#
#.###.o..# #.#
#.#.###..# #.#
#[#..# ###
###.### ##...#
#.....# #.e..#
#.....###..#<#
#.....##...#.##.
#..@)e..........#
#.....(###.#.....
#......# #...####
#......# #..##
#####..# #.##
#.<## ### #.##
... ..<##


You could see Dowan.

Vanquished Creatures
  Duvessa (D:5)
  A howler monkey (D:4)
  A hound (D:5)
  2 worker ants
  4 gnolls (D:4)
  An adder (D:3)
  3 leopard geckos
  2 orcs (D:4)
  3 bats
  A giant cockroach (D:1)
  3 goblins
  A hobgoblin (D:2)
  5 kobolds
  3 quokkas
  A frilled lizard (D:1)
  A jackal skeleton (D:5)
33 creatures vanquished.

Notes
Turn   | Place    | Note
-------+----------+-------------------------------------------
     0 | D:1      | Amnesiac the Deep Elf Assassin began the quest for the Orb.
     0 | D:1      | Reached XP level 1. HP: 12/12 MP: 3/3
    65 | D:1      | Reached skill level 5 in Stealth
   166 | D:1      | Reached XP level 2. HP: 15/16 MP: 4/4
   389 | D:3      | Reached XP level 3. HP: 19/20 MP: 5/5
   473 | D:4      | Reached skill level 2 in Dodging
   833 | D:4      | Reached skill level 3 in Dodging
   883 | D:5      | Entered Level 5 of the Dungeon
   894 | D:5      | Reached XP level 4. HP: 22/25 MP: 6/6
   904 | D:5      | Reached skill level 4 in Dodging
   923 | D:5      | Found an iron altar of Okawaru.
   924 | D:5      | Found a sparkling altar of Nemelex Xobeh.
   952 | D:5      | Noticed Duvessa
   953 | D:5      | Noticed Dowan
   973 | D:4      | HP: 1/25 [gnoll/club (7)]
  1306 | D:4      | Reached XP level 5. HP: 29/29 MP: 7/7
  1480 | D:4      | Reached skill level 5 in Dodging
  1777 | D:5      | Found a staircase to the Ecumenical Temple.
  1785 | Temple   | Entered the Ecumenical Temple
  1854 | D:5      | Killed Duvessa
  1854 | D:5      | Reached skill level 6 in Dodging
  1854 | D:5      | Reached XP level 6. HP: 9/34 MP: 8/8
  1855 | D:5      | Killed from afar by Dowan

Vault maps used:
D:1:      dpeg_arrival_round_b, hex_large
D:2:      uniq_crazy_yiuf_cottage
D:3:      grunt_dithmenos_smoke
D:4:      first_bread
D:5:      kennysheep_spiral_hall, grunt_temple_overflow_open,
          amethyst_overflow_temple_binary, uniq_blork_the_orc, uniq_menkaure,
          uniq_pikel, uniq_duvessa
Temple:   cyrus_circular_temple

Skill      XL: |  1  2  3  4  5 |
---------------+----------------+-----
Stealth        | 5 |  5.4
Dodging        | 3 4 6 |  6.5
Fighting       | |  1.5
Short Blades   | |  2.5
Throwing       | |  2.4

Action                   |  1- 3 |  4- 6 || total
-------------------------+-------+-------++-------
Melee: Dagger            |    72 |    41 ||   113
       Short sword       |       |    16 ||    16
 Fire: Blowgun           |     3 |    15 ||    18
  Use: Potion            |     2 |       ||     2
 Stab: Sleeping          |     5 |       ||     5
  Eat: Chunk             |       |     3 ||     3
Armor: Robe              |     9 |    11 ||    20
Dodge: Dodged            |    49 |    30 ||    79
